 Dungeon Crawl Stone Soup version 0.31-a0-216-g22e908daa7 (webtiles) character file.

Game seed: 7227993812099059949

107 qw the Shooter (level 4, -6/37 HPs)
             Began as a Minotaur Hexslinger on July 2, 2023.
             Killed by an exploding butterfly (30 damage)
             ... ignited by their inner flame
             ... on level 3 of the Dungeon.
             The game lasted 00:00:43 (2446 turns).

qw the Shooter (Minotaur Hexslinger)                Turns: 2446, Time: 00:00:44

Health: -6/37      AC:  3    Str: 19    XL:     4   Next: 57%
Magic:  4/4        EV: 12    Int: 10    God:
Gold:   86         SH:  0    Dex: 14    Spells: 4/5 levels left

rFire   . . .        Y - +2 sling
rCold   . . .        (no shield)
rNeg    . . .        f - +0 leather armour
rPois   .            (helmet restricted)
rElec   .            (no cloak)
rCorr   .            (no gloves)
SInv    .            (no boots)
Will    .....        (no amulet)
Stlth   +            c - +6 ring of strength
HPRegen 0.26/turn    (no ring)
MPRegen 0.09/turn

%: no passive effects
@: no status effects
A: horns 2, retaliatory headbutt
a: no special abilities


You were on level 3 of the Dungeon.
You visited 1 branch of the dungeon, and saw 3 of its levels.

You collected 86 gold pieces.


Innate Abilities, Weirdness & Mutations

You have a pair of horns on your head.
You reflexively headbutt those who attack you in melee.


   Skills:
 + Level 2.4 Fighting
 - Level 5.0 Ranged Weapons
 - Level 2.1 Dodging
 - Level 1.0 Spellcasting
 - Level 2.0 Hexes


You had 4 spell levels left.
You knew the following spells:

 Your Spells              Type           Power      Damage    Failure   Level
a - Slow                  Hex            16%        N/A       19%         1

Your spell library contained the following spells:

 Spells                   Type           Power      Damage    Failure   Level
 Inner Flame              Hex/Fire       2%         N/A       63%         3
 Portal Projectile        Hex/Tloc       4%         N/A       63%         3
 Cause Fear               Hex            2%         N/A       87%         4

Inventory:

Hand Weapons
 Y - a +2 sling (weapon)
Armour
 f - a +0 leather armour (worn)
Jewellery
 c - a +6 ring of strength (left hand)
 e - a ring of ice
Scrolls
 i - a scroll of identify
Potions
 d - a potion of resistance
 g - a potion of haste
 h - a potion of ambrosia {unknown}
 j - a potion of attraction {unknown}
 k - a potion of degeneration {unknown}

Dungeon Overview and Level Annotations

Branches:
Dungeon (3/15)

Altars:
Cheibriados


Message History

The creatures around you are filled with an inner flame!
It was a scroll of immolation.
A worm is nearby!
2441 ||| READING 3 scrolls labelled MOXKAL XUVOA.
As you read the scroll labelled MOXKAL XUVOA, it crumbles to dust.
It is a scroll of identify.
Really abort (and waste the scroll)?
A worm is nearby!
2442 ||| READING scroll labelled BUSEIL UFIR.
As you read the scroll labelled BUSEIL UFIR, it crumbles to dust.
You assume a fearsome visage.
Nothing appears to happen.
It was a scroll of fear.
A worm is nearby!
2443 ||| READING 2 scrolls of identify.
As you read the scroll of identify, it crumbles to dust.
g - a potion of haste;
2443 ||| IDENTIFYING golden potion A worm is nearby!
2444 ||| DROPPING scroll of butterflies.
You drop a scroll of butterflies.
A worm is nearby!
A worm is nearby!
Enter note:
Enter note:
There is an open door here.
You shoot a sling bullet. The sling bullet hits your butterfly.
Your butterfly disappears in a burst of colours!
Your butterfly explodes!
The fiery explosion engulfs your butterfly!!
You kill your butterfly!
Your butterfly disappears in a burst of colours!
The fiery explosion engulfs your butterfly!!
Your butterfly disappears in a burst of colours!
The fiery explosion engulfs your butterfly!
You kill your butterfly!
Your butterfly disappears in a burst of colours!
The fiery explosion engulfs you!
Your butterfly explodes!
The fiery explosion engulfs you!!
Ouch! That really hurt!
You die...

.....####........# ##.##
#.#..####......#.#######...######
#.#..#...........................
#.#..#.#####.#####.#####.(.######
..#..# ###~b #b# #....#######
.....#.# ~~~~ #b##.#.#####....
....##.# #b~ #.bb###..)...###
######.# ~##.##b##bbb.#.#######
#.. ~~._w#¤@bbb##.# #.#
~##.##¤##b###.# #.# #¤¤ #bb...#
######.# ~~b~ #b##### .......#
###~~ #b# ######.#####.#####.#
#.............# ###############


You could see a worm.

Vanquished Creatures
  An orc priest (D:3)
  3 adders
  3 dart slugs
  2 orcs (D:3)
  5 bats
  An endoplasm (D:3)
  3 giant cockroaches
  5 goblins
  6 hobgoblins
  A ball python (D:3)
  3 frilled lizards
  6 kobolds
  5 rats
44 creatures vanquished.

Notes
Turn   | Place    | Note
-------+----------+-------------------------------------------
     0 | D:1      | qw the Minotaur Hexslinger began the quest for the Orb.
     0 | D:1      | Reached XP level 1. HP: 16/16 MP: 1/1
     0 | D:1      | 0 ||| qw: Version: 0.3-a-40-ge99b1a8
     0 | D:1      | 0 ||| qw: Game counter: 7931
     0 | D:1      | 0 ||| qw: Melee chars always use a shield: true
     0 | D:1      | 0 ||| qw: God list: Okawaru
     0 | D:1      | 0 ||| qw: Allow faded altars: false
     0 | D:1      | 0 ||| qw: Do Orc after clearing Dungeon:15 true
     0 | D:1      | 0 ||| qw: Do second Lair branch before Depths: true
     0 | D:1      | 0 ||| qw: Lair rune preference: random
     0 | D:1      | 0 ||| qw: Goals: Normal
     0 | D:1      | 0 ||| PLANNING D:1-11
   189 | D:1      | 189 ||| FLEEEEING.
   225 | D:1      | Reached skill level 3 in Ranged Weapons
   225 | D:1      | Reached XP level 2. HP: 23/23 MP: 2/2
   685 | D:1      | 685 ||| UPGRADING to +0 leather armour.
   695 | D:1      | 695 ||| DROPPING +0 robe.
   696 | D:1      | 696 ||| DRINKING 2 bubbling clear potions.
   697 | D:1      | 697 ||| DROPPING scroll of poison.
  1068 | D:2      | Reached XP level 3. HP: 15/29 MP: 3/3
  1805 | D:2      | 1805 ||| READING scroll labelled HUGRAICO VUOH.
  1806 | D:2      | 1806 ||| READING scroll labelled ETZIENT DEFF.
  1807 | D:2      | 1807 ||| READING scroll labelled BIVOAL QIGUOB.
  1840 | D:3      | 1840 ||| STAIRDANCE
  1843 | D:2      | Reached skill level 4 in Ranged Weapons
  2065 | D:3      | Reached XP level 4. HP: 36/36 MP: 4/4
  2120 | D:3      | Reached skill level 5 in Ranged Weapons
  2437 | D:3      | Found a snail-covered altar of Cheibriados.
  2438 | D:3      | 2438 ||| UPGRADING to +6 ring of strength.
  2439 | D:3      | 2439 ||| READING 2 scrolls labelled ZAIMIDGH WOW ZUTUA.
  2440 | D:3      | 2440 ||| READING scroll labelled FOLOAXO EXKOMP.
  2441 | D:3      | 2441 ||| READING 3 scrolls labelled MOXKAL XUVOA.
  2442 | D:3      | 2442 ||| READING scroll labelled BUSEIL UFIR.
  2443 | D:3      | 2443 ||| READING 2 scrolls of identify.
  2443 | D:3      | 2443 ||| IDENTIFYING golden potion
  2444 | D:3      | 2444 ||| DROPPING scroll of butterflies.
  2446 | D:3      | Killed by an exploding butterfly... ignited by their inner
                  | flame

Levels and vault maps discovered:
D:1:      kennysheep_arrival_seaside, layout_basic, kennysheep_nondescript
D:2:      layout_basic, minivault_26
D:3:      layout_loops_ring, cheibrodos_worm_habitat

Skill      XL: |  1  2  3  4 |
---------------+-------------+-----
Ranged Weapons | 3 4 5 |  5.0
Fighting       | 2 |  2.4
Dodging        | |  2.1
Spellcasting   | |  1.0
Hexes          | |  2.0

Action                     |  1- 3 |  4- 6 || total
---------------------------+-------+-------++-------
   Fire: Sling             |   104 |    24 ||   128
    Use: Potion            |     1 |       ||     1
         Scroll            |     3 |     5 ||     8
 Armour: Robe              |     2 |       ||     2
         Leather armour    |    12 |     2 ||    14
  Dodge: Dodged            |    23 |     2 ||    25

Table legend:
 A = Non-vault XP
 B = Vault XP
 C = Vault XP percentage of total XP
 D = Non-vault monster count
 E = Vault monster count
 F = Vault count percentage of total count
                 A         B        C        D         E       F
            +---------+---------+-------+---------+---------+-------
      Total |     154 |       0 |   0.0 |      44 |       0 |   0.0
            +---------+---------+-------+---------+---------+-------
        D:1 |      22 |       0 |   0.0 |      12 |       0 |   0.0
        D:2 |      48 |       0 |   0.0 |      14 |       0 |   0.0
        D:3 |      84 |       0 |   0.0 |      18 |       0 |   0.0
            +---------+---------+-------+---------+---------+-------
